Map: Newkirk Precinct TE (Void)

Players

EpSyLoN - Winner!

  • Race: Zerg Zerg
  • League: Diamond
  • Spawn Location: 5:00

Musumeci

  • Race: Zerg Zerg
  • League: Diamond
  • Spawn Location: 7:00

VOD

Have the link to the VOD?

Description

Time

  • Played on: Feb. 12, 2017, 1:30 p.m.
  • Length: 11:51
Show
View Real Time Build Order
Export as new Build Order

EpSyLoN Zerg - Winner!

Build Orders: Hatch First 

Get SALT Encoding   

  12  0:02  Drone  
  13  0:13  Overlord  
  13  0:18  Drone  
  14  0:31  Drone x2  
  16  0:35  Drone  
  17  0:54  Hatchery  
  17  0:56  Drone  
  17  1:00  Drone  
  18  1:06  Extractor  
  18  1:08  Drone  
  18  1:20  Spawning Pool  
  18  1:23  Drone  
  18  1:39  Drone  
  20  1:40  Drone  
  20  1:55  Drone  
  21  2:03  Drone  
  21  2:07  Queen, Baneling Nest  
  25  2:13  Spine Crawler  
  25  2:14  Zergling x4  
  24  2:17  Zergling x2  
  25  2:29  Zergling x2  
  27  2:30  Zergling x2  
  26  2:49  Zergling x4  
  27  3:05  Metabolic Boost  
  27  3:23  Evolution Chamber  
  27  3:24  Drone  
  27  3:37  Evolution Chamber, Baneling x2  
  27  3:38  Drone  
  27  3:39  Overlord  
  27  3:42  Extractor  
  27  3:43  Extractor  
  25  3:52  Queen  
  29  4:07  Roach Warren  
  28  4:15  Evolution Chamber  
  27  4:23  Overlord  
  27  4:24  Overlord  
  27  4:41  Drone x3  
  27  4:42  Drone x3  
  33  4:48  Zerg Missile Weapons Level 1  
  33  4:53  Drone  
  34  5:02  Lair  
  34  5:11  Extractor  
  34  5:12  Extractor  
  32  5:18  Drone x3  
  32  5:19  Drone  
  36  5:22  Overlord  
  36  5:29  Overlord  
  36  5:46  Roach x4  
  36  5:48  Roach  
  46  5:52  Roach  
  48  6:18  Roach x5  
  56  6:19  Roach  
  60  6:30  Glial Reconstitution  
  60  6:34  Overlord x2  
  59  6:44  Baneling x5  
  59  6:45  Baneling x2  
  59  6:47  Overlord  
  63  6:54  Roach x2  
  63  7:07  Drone x2  
  65  7:09  Roach x2  
  69  7:18  Overlord  
  64  7:53  Roach x3, Zergling x4  
  72  8:07  Hatchery  
  71  8:18  Zergling x12  
  71  8:19  Zergling x2  
  76  8:33  Drone x3  
  67  8:47  Drone  
  67  8:48  Drone  
  65  8:50  Spore Crawler  
  65  8:51  Hydralisk Den  
  65  8:52  Queen, Extractor, Spore Crawler  
  65  8:53  Queen, Spore Crawler  
  54  9:11  Drone  
  54  9:12  Drone x3  
  54  9:32  Drone x8  
  54  9:38  Muscular Augments, Hydralisk x2  
  64  9:53  Hydralisk x3  
  70  10:06  Hydralisk x3  
  74  10:09  Overlord  
  76  10:21  Overlord  
  74  10:28  Hydralisk x2  
  74  10:29  Hydralisk x2  
  74  10:35  Overseer  
  82  10:39  Hydralisk x2  
  86  10:56  Overlord x2  
  86  11:06  Hydralisk x3  
  92  11:23  Roach x4, Zergling x2  
  92  11:24  Roach x2  
Show
View Real Time Build Order
Export as new Build Order

Musumeci Zerg 

Build Orders: Pool First 

Get SALT Encoding   

  12  0:01  Drone  
  13  0:22  Spawning Pool  
  13  0:26  Drone  
  13  0:30  Drone  
  14  0:39  Overlord  
  14  1:09  Zergling x6  
  17  1:20  Zergling x2  
  17  1:25  Hatchery  
  18  1:40  Zergling x2  
  18  1:42  Queen  
  18  1:43  Drone  
  21  1:56  Zergling x2  
  22  2:04  Overlord  
  21  2:41  Drone x4  
  23  3:08  Zergling x8  
  24  3:15  Extractor  
  24  3:16  Queen  
  24  3:17  Drone x2, Extractor  
  27  3:44  Drone x5  
  32  3:48  Roach Warren  
  32  3:58  Zergling x8  
  36  4:14  Overlord  
  36  4:20  Overlord  
  36  4:26  Evolution Chamber  
  36  4:31  Baneling Nest  
  34  4:38  Metabolic Boost  
  34  4:55  Hatchery  
  33  5:02  Overlord  
  33  5:03  Overlord  
  32  5:18  Drone x11  
  32  5:20  Extractor  
  42  5:31  Lair  
  42  5:33  Drone, Extractor  
  42  5:34  Drone x2  
  44  5:36  Hatchery, Drone x2  
  45  5:44  Drone  
  45  5:46  Extractor  
  43  6:38  Spire  
  43  6:39  Drone x2  
  44  6:40  Drone x2  
  44  6:41  Drone  
  44  6:43  Zergling x22  
  56  6:51  Queen  
  58  7:07  Zergling x12  
  58  7:08  Zergling x8  
  55  7:31  Zergling x24  
  45  7:52  Mutalisk  
  45  7:53  Mutalisk x6  
  44  8:22  Drone  
  44  8:23  Drone  
  29  9:11  Drone x3  
  29  9:13  Drone  
  33  9:33  Drone x4  
  33  9:35  Drone  
  37  9:51  Evolution Chamber  
  29  9:54  Evolution Chamber  
  29  10:20  Drone x6  
  34  10:36  Spire  
  31  11:10  Spine Crawler  
  30  11:18  Hatchery  
  29  11:32  Evolution Chamber  
  28  11:39  Evolution Chamber  
  27  11:47  Evolution Chamber  
Tags
 
Add a new tag
Caveats
  • Supply blocks, unpowered buildings, or Contaminate may cause inaccurate times.
  • Supply counts are checked every 10 seconds.